 Dungeon Crawl Stone Soup version 0.28-a0-1616-g050a50673c (webtiles) character file.

Game seed: 1977981025556547994

43 Peloso the Covered (level 3, -1/33 HPs)
             Began as a Minotaur Fighter on Jan 22, 2022.
             Killed from afar by Sigmund (9 damage)
             ... with a puff of flame
             ... on level 2 of the Dungeon.
             The game lasted 00:01:35 (1471 turns).

Peloso the Covered (Minotaur Fighter)               Turns: 1471, Time: 00:01:35

Health: -1/33      AC:  7    Str: 20    XL:     3   Next: 37%
Magic:  2/2        EV:  9    Int:  5    God:
Gold:   3          SH:  4    Dex: 11    Spells: 2/2 levels left

rFire   . . .      SeeInvis .   a - +0 long sword
rCold   . . .      Faith    .   c - +0 buckler
rNeg    . . .      Spirit   .   b - +0 scale mail
rPois   .          Reflect  .   (helmet restricted)
rElec   .          Harm     .   (no cloak)
rCorr   .          Rampage  .   (no gloves)
Will    .....                   (no boots)
Stlth   ..........              (no amulet)
HPRegen 0.11/turn               (no ring)
MPRegen 0.08/turn               (no ring)

@: mighty
A: horns 2, retaliatory headbutt
a: no special abilities


You were on level 2 of the Dungeon.
You visited 1 branch of the dungeon, and saw 2 of its levels.

You collected 3 gold pieces.

Inventory:

Hand Weapons
 a - a +0 long sword (weapon)
Armour
 b - a +0 scale mail (worn)
 c - a +0 buckler (worn)
Scrolls
 f - a scroll of fog {unknown}
 h - a scroll of enchant weapon {unknown}
 i - a scroll of enchant armour {unknown}
Potions
 d - a potion of might
 e - a potion of flight


   Skills:
 + Level 4.1 Fighting
 + Level 3.0 Long Blades
 + Level 4.2 Armour
 + Level 0.3 Dodging
 + Level 4.0 Shields


You had 2 spell levels left.
You didn't know any spells.
Your spell library contained the following spells:

 Spells                   Type           Power      Damage    Failure   Level
 Sublimation of Blood     Necr           0%         N/A       96%         2
 Wereblood                Tmut           0%         N/A       96%         2
 Summon Hydra             Summ           0%         N/A       100%        7


Dungeon Overview and Level Annotations

Branches:
Dungeon (2/15)

Altars:

Shops:
D:1 (??[:

Annotations:
D:2 Sigmund


Innate Abilities, Weirdness & Mutations

You have a pair of horns on your head.
You reflexively headbutt those who attack you in melee.


Message History

The puff of flame hits you.
* * * LOW HITPOINT WARNING * * *
It was a potion of curing.
You feel better.
A magic dart appears from out of thin air!
The magic dart hits you.
* * * LOW HITPOINT WARNING * * *
Things that are here:
a +0 short sword; a +0 scale mail; the human skeleton of Terence
There is a stone staircase leading up here.
You fly upwards.
Reactivating autopickup.
There is a stone staircase leading down here.
You start resting.
You are starting to lose your buoyancy.
You start resting.
You float gracefully downwards.
You start resting.
HP restored.
Okay, then.
You climb downwards.
Level annotation: Sigmund
There is a stone staircase leading up here.
You feel very mighty all of a sudden.
Sigmund zaps a wand.
The puff of flame hits you.
Sigmund hits you from afar with a +2 scythe of protection!
Sigmund zaps a wand.
The puff of flame hits you.
Things that are here:
a +0 scale mail; a +0 short sword You hit Sigmund.
You headbutt Sigmund.
Sigmund is moderately wounded.
Sigmund closely misses you.
You hit Sigmund.
Sigmund is heavily wounded.
Sigmund giggles. "Time to reap what you sow."
Sigmund zaps a wand.
The puff of flame hits you!
* * * LOW HITPOINT WARNING * * *
You completely miss Sigmund.
Sigmund is heavily wounded.
Sigmund zaps a wand.
The puff of flame hits you!
You die...

#............#
#....$#######.#####
##...# #.........# ##.#
#.###.....# #.
#.######..# #
#.........# ##+##
########.## ##.<.## #.#
##....@## ####†#
#......@## ##.##.#
#.........####...#.#####
+.........'....{........
#.........####...#.#####
##.......## ##.##.#
##.....## ###..# ##...##
#.## ##+# #.#


You could see Sigmund.

Vanquished Creatures
  Terence (D:2)
  2 bats (D:1)
  An endoplasm (D:1)
  A giant cockroach (D:1)
  A hobgoblin (D:2)
  7 jackals (D:1)
  A quokka (D:1)
  A ball python (D:2)
15 creatures vanquished.

Notes
Turn   | Place    | Note
-------+----------+-------------------------------------------
     0 | D:1      | Peloso the Minotaur Fighter began the quest for the Orb.
     0 | D:1      | Reached XP level 1. HP: 19/19 MP: 0/0
    37 | D:1      | Found Votaoseng's Antique Armour Boutique.
    49 | D:1      | Found Etsuop's Book Boutique.
   186 | D:1      | Reached XP level 2. HP: 21/27 MP: 1/1
   504 | D:1      | Found Weufriz's Magic Scroll Shop.
   699 | D:1      | Found Inemyar's Antique Weapon Boutique.
   767 | D:1      | Found Uhyi's Magic Scroll Shop.
   916 | D:2      | Noticed Terence
   932 | D:2      | Killed Terence
   933 | D:2      | Reached XP level 3. HP: 11/33 MP: 2/2
  1179 | D:2      | Noticed Sigmund
  1471 | D:2      | Killed from afar by Sigmund

Illustrated notes

Levels and vault maps discovered:
D:1:      ncdulo_wetmaze, layout_basic, serial_shops, nicolae_square_shop,
          nicolae_lakefront_shop, shop, shop_fountains, shop_fountains
D:2:      minmay_chambers_of_twos, layout_loops_corners, minmay_tripent,
          uniq_natasha, uniq_crazy_yiuf_cottage, uniq_terence, uniq_sigmund

Skill      XL: |  1  2 |
---------------+-------+-----
Fighting       | 4 |  4.1
Long Blades    | 3 |  3.0
Armour         | 4 |  4.2
Shields        | 4 |  4.0
Dodging        | |  0.3

Action                   || total
-------------------------++-------
Melee: Long sword        ||    46
       Headbutt          ||     8
  Use: Potion            ||     3
Armor: Scale mail        ||    20
Dodge: Dodged            ||    23
Block: Buckler           ||    11

Table legend: (Time is in decaauts)
 A = Elapsed time spent in this place.
 B = Non-inter-level travel time spent in this place.
 C = Inter-level travel time spent in this place.
 D = Time resting spent in this place.
 E = Time spent auto-exploring this place.
 F = Levels seen in this place.
 G = Mean time per level.
                   A        B        C        D        E       F      G
               +--------+--------+--------+--------+--------+-----+--------+
         Total |   1492 |   1465 |     27 |    240 |   1059 |   2 |  746.0 |
       Dungeon |   1492 |   1465 |     27 |    240 |   1059 |   2 |  746.0 |
               +--------+--------+--------+--------+--------+-----+--------+

Top non-repeatable levels by time:
     D:1: 1171 daAuts
     D:2: 321 daAuts
